 Dungeon Crawl Stone Soup version 0.25-a0-403-g49d089a364 (webtiles) character file.

Game seed: 14234539887813553467, levelgen mode: deterministic

7567 ReteAZ the Carver (level 11, -2/83 HPs)
             Began as a Human Fighter on Jan 9, 2020.
             Was a Priest of the Shining One.
             Slain by a large slime creature (35 damage)
             ... on level 9 of the Dungeon.
             The game lasted 00:17:48 (11366 turns).

ReteAZ the Carver (Human Fighter)                  Turns: 11366, Time: 00:17:48

Health: -2/83      AC: 18    Str: 19    XL:     11   Next: 39%
Magic:  11/11      EV:  4    Int:  9    God:    the Shining One [***...]
Gold:   304        SH: 13    Dex: 13    Spells: 10/10 levels left

rFire    + . .     SeeInvis .   a - +0 long sword
rCold    x . .     Gourm    .   c - +0 shield
rNeg     + . .     Faith    .   y - +0 plate armour
rPois    .         Spirit   .   n - +0 helmet
rElec    .         Reflect  +   t - +0 cloak
rCorr    .         Harm     .   (no gloves)
MR       .....                  G - +0 pair of boots
Stlth    ..........             x - +3 amulet of reflection
HPRegen  0.23/turn              u - +1 ring of protection
MPRegen  0.12/turn              F - ring of fire

@: glowing
A: no striking features
a: Divine Shield, Renounce Religion


You were on level 9 of the Dungeon.
You worshipped the Shining One.
The Shining One was most pleased with you.
You were hungry.

You visited 2 branches of the dungeon, and saw 10 of its levels.

You collected 456 gold pieces.
You spent 152 gold pieces at shops.

Inventory:

Hand Weapons
 a - a +0 long sword (weapon)
 h - a +2 mace of holy wrath
Missiles
 g - 25 poisoned darts
 B - 3 silver boomerangs (quivered)
Armour
 b - a +0 scale mail
 c - a +0 shield (worn)
 k - a +0 chain mail
 n - a +0 helmet (worn)
 t - a +0 cloak (worn)
 y - a +0 plate armour (worn)
 G - a +0 pair of boots (worn)
Jewellery
 l - an uncursed amulet of regeneration
 m - an uncursed ring of protection from cold
 u - a +1 ring of protection (left hand)
 x - a +3 amulet of reflection (around neck)
 F - a ring of fire (right hand)
 I - an uncursed ring of magical power
 J - an uncursed ring of see invisible
Scrolls
 d - 2 scrolls of enchant armour {unknown}
 e - a scroll of enchant weapon {unknown}
 i - 7 scrolls of identify
 j - 3 scrolls of magic mapping
 o - 5 scrolls of remove curse
 r - a scroll of fog {unknown}
 s - 4 scrolls of teleportation {unknown}
 v - a scroll of fear {unknown}
 w - 2 scrolls of amnesia {unknown}
 H - a scroll of blinking {unknown}
Potions
 p - 2 potions of heal wounds
 q - 3 potions of flight
 z - a potion of cancellation
 A - 3 potions of brilliance
 C - 3 potions of haste
Comestibles
 f - 23 rations


   Skills:
 + Level 6.9 Fighting
 * Level 12.8 Long Blades
 + Level 6.9 Armour
 + Level 6.9 Shields


You had 10 spell levels left.
You didn't know any spells.
Your spell library was empty.

Dungeon Overview and Level Annotations

Branches:
Dungeon (9/15)             Temple (1/1) D:5
   Lair: D:8-11         Orc: D:9-12

Altars:
Ashenzari
Cheibriados
Dithmenos
Elyvilon
Fedhas
Gozag
Hepliaklqana
Kikubaaqudgha
Makhleb
Nemelex Xobeh
Okawaru
Qazlal
Ru
Sif Muna
Trog
Uskayaw
Vehumet
Wu Jian
Xom
Yredelemnul
Zin
The Shining One

Shops:
D:4 =   D:5 [   D:7 [

Annotations:
D:4 1 runed translucent door, Ignak's ghost, amateur GnWz


Message History

The slime creature is moderately wounded.
The slime creature hits you.
You hit the slime creature but do no damage.
The slime creature is moderately wounded.
Two slime creatures merge to form a large slime creature.
You slash the large slime creature!
The large slime creature is moderately wounded.
The slime creature hits you but does no damage.
The large slime creature hits you.
You hit the large slime creature but do no damage.
The large slime creature is moderately wounded.
The slime creature hits you but does no damage.
You slash the large slime creature!
The large slime creature is moderately wounded.
Two slime creatures merge to form a large slime creature.
The large slime creature hits you!!
Your shield and plate armour prevent you from hitting the large slime creature.
The large slime creature is moderately wounded.
The large slime creature hits you!!
You die...

.....##.....## .............##
..........^...# ..............#
..............# ..............#
###### ........(.....# #.....
..............##############.....
.............J.J@J......J........
......#......##############......
..###.######)##########..........
..# #.#.....).J.........####.....
..# #.#.........######### #.....
..###.#........)#### #.....
...##.#............# #####.
......#######.####.# #. ..###.##
#.## .# #.


You could see 2 large slime creatures and a slime creature.

Vanquished Creatures
  3 death yaks (D:9)
  2 molten gargoyles (D:9)
  A slime creature (D:8)
  2 wraiths (D:7)
  Eustachio (D:4)
  2 soldier ants (D:8)
  An orc warrior (D:9)
  A sky beast (D:9)
  3 necrophages
  8 ogres
  3 ice beasts
  3 phantoms
  A centaur (D:7)
  2 big kobolds
  An elf zombie (D:7)
  3 bullfrogs
  A water moccasin zombie (D:7)
  4 scorpions
  A troll zombie (D:7)
  A water moccasin skeleton (D:7)
  A wight (D:7)
  An electric eel (D:7)
  3 howler monkeys (D:8)
  3 crimson imps
  A bullfrog zombie (D:6)
  A centaur zombie (D:6)
  2 human zombies (D:7)
  A centaur skeleton (D:4)
  3 orc priests
  2 hounds (D:5)
  5 jellies (D:8)
  Crazy Yiuf (D:2)
  2 human skeletons (D:7)
  4 iguanas
  Ijyb (D:5)
  Terence (D:2)
  6 orc wizards
  10 worker ants
  A killer bee zombie (D:7)
  2 hound zombies
  A hound skeleton (D:4)
  Robin (D:2)
  A howler monkey skeleton (D:8)
  A gnoll (D:1)
  11 adders
  A shadow imp (D:8)
  3 oozes (D:8)
  An adder skeleton (D:6)
  12 dart slugs
  8 leopard geckos
  18 orcs
  9 giant cockroaches
  22 goblins
  7 hobgoblins
  6 jackals
  7 quokkas
  A ball python (D:1)
  12 bats
  6 frilled lizards
  A jackal skeleton (D:6)
  22 kobolds
  An orc zombie (D:7)
  10 rats
257 creatures vanquished.

Vanquished Creatures (others)
  A centaur (D:9)
  A dart slug (D:7)
  5 kobolds
  3 fungi (D:8)
  8 toadstools (D:8)
18 creatures vanquished.

Grand Total: 275 creatures vanquished

Notes
Turn   | Place    | Note
-------+----------+-------------------------------------------
     0 | D:1      | ReteAZ the Human Fighter began the quest for the Orb.
     0 | D:1      | Reached XP level 1. HP: 18/18 MP: 1/1
    88 | D:1      | Reached XP level 2. HP: 19/24 MP: 2/2
   328 | D:1      | Reached skill level 3 in Long Blades
   409 | D:1      | Reached XP level 3. HP: 8/29 MP: 3/3
   807 | D:1      | Reached XP level 4. HP: 31/35 MP: 4/4
   900 | D:1      | Reached skill level 4 in Long Blades
  1139 | D:2      | Noticed Robin
  1167 | D:2      | Killed Robin
  1285 | D:2      | Noticed Terence
  1297 | D:2      | Killed Terence
  1297 | D:2      | Reached XP level 5. HP: 41/41 MP: 5/5
  1308 | D:2      | Found a blossoming altar of Fedhas.
  1338 | D:2      | Reached skill level 5 in Long Blades
  1549 | D:2      | Found a shimmering blue altar of Sif Muna.
  1654 | D:2      | Reached XP level 6. HP: 41/47 MP: 6/6
  1755 | D:2      | Found a runed translucent door.
  1756 | D:2      | Noticed Crazy Yiuf
  1876 | D:2      | Killed Crazy Yiuf
  1993 | D:3      | Found an iron altar of Okawaru.
  2041 | D:3      | Reached skill level 6 in Long Blades
  2390 | D:4      | Found a basalt altar of Yredelemnul.
  2390 | D:4      | Found a bloodstained altar of Trog.
  2478 | D:4      | Found a runed translucent door.
  2479 | D:4      | Noticed Ignak's ghost (amateur GnWz)
  2564 | D:4      | Found Seym's Jewellery Boutique.
  2572 | D:4      | Bought a cursed +3 amulet of reflection for 152 gold pieces
  2588 | D:4      | Noticed Eustachio
  2620 | D:4      | Killed Eustachio
  2620 | D:4      | Reached skill level 7 in Long Blades
  2620 | D:4      | Reached XP level 7. HP: 29/52 MP: 7/7
  2852 | D:4      | Found a burning altar of Makhleb.
  2951 | D:4      | Reached skill level 8 in Long Blades
  3599 | D:4      | Reached XP level 8. HP: 24/58 MP: 8/8
  4092 | D:5      | Entered Level 5 of the Dungeon
  4356 | D:5      | Found an ornate altar of the Wu Jian Council.
  4388 | D:5      | Reached skill level 9 in Long Blades
  4428 | D:5      | Found Ulaunun's Antique Armour Shoppe.
  4811 | D:5      | Found a staircase to the Ecumenical Temple.
  4819 | Temple   | Entered the Ecumenical Temple
  4854 | Temple   | Became a worshipper of the Shining One
  5077 | D:5      | Reached skill level 10 in Long Blades
  5291 | D:5      | Noticed Ijyb
  5310 | D:5      | Killed Ijyb
  5601 | D:6      | Reached XP level 9. HP: 64/64 MP: 9/9
  6124 | D:6      | Found a snail-covered altar of Cheibriados.
  6146 | D:6      | Reached * piety under the Shining One
  8172 | D:7      | Found a stormy altar of Qazlal.
  8254 | D:7      | Found an ancient bone altar of Kikubaaqudgha.
  8294 | D:7      | Reached skill level 11 in Long Blades
  8345 | D:7      | Reached XP level 10. HP: 63/73 MP: 10/10
  8370 | D:7      | Reached skill level 5 in Fighting
  8370 | D:7      | Reached skill level 5 in Armour
  8370 | D:7      | Reached skill level 5 in Shields
  8519 | D:7      | Reached ** piety under the Shining One
  8585 | D:7      | Found Moihov's Armour Emporium.
  8641 | D:7      | Found a shimmering altar of Xom.
  8947 | D:8      | Found a shattered altar of Ashenzari.
  9014 | D:8      | You fall into a shaft and drop 1 floor!
  9327 | D:8      | Found a white marble altar of Elyvilon.
 10032 | D:9      | Reached skill level 12 in Long Blades
 10446 | D:9      | Noticed a molten gargoyle
 10474 | D:9      | Killed a molten gargoyle
 10722 | D:9      | Found an iron altar of Okawaru.
 10725 | D:9      | Noticed a molten gargoyle
 10725 | D:9      | Reached *** piety under the Shining One
 10748 | D:9      | Killed a molten gargoyle
 10748 | D:9      | Reached XP level 11. HP: 47/81 MP: 11/11
 10918 | D:9      | Noticed a death yak
 10918 | D:9      | Noticed a death yak
 10918 | D:9      | Noticed a death yak
 10918 | D:9      | Noticed a death yak
 10918 | D:9      | Noticed a death yak
 10997 | D:9      | Killed a death yak
 11006 | D:9      | Killed a death yak
 11021 | D:9      | Killed a death yak
 11366 | D:9      | Slain by a large slime creature

Levels and vault maps discovered:
D:1:      saegor_arrival_simple_e, layout_loops_cross, minmay_split_cup_large
D:2:      layout_loops_cross, old_standard_altar, lemuel_round_altar,
          uniq_crazy_yiuf_cottage, uniq_robin, uniq_terence
D:3:      layout_rooms, marbit_many_paths, grunt_ministairs_14, st_stairs_9
D:4:      layout_loops_corners, old_standard_altar,
          chequers_temple_overflow_statue_of_worship, serial_shops, shop_statue,
          ebering_ghost_sewer_d, first_ration, item_on_display_a, uniq_eustachio
D:5:      layout_basic, kennysheep_little_box, minmay_temple_entry_ruins,
          serial_shops, nicolae_shop_overgrown_old_shop, uniq_ijyb
D:6:      layout_loops_cross, lemuel_doored_altar, roderic_lattice_a
D:7:      kennysheep_slugbush, layout_basic, nicolae_qazlal_eye_of_the_storm,
          overflow_temple_1_default, lemuel_mausoleum_altar_kikubaaqudgha,
          enter_bailey_3, serial_shops, shop
D:8:      cheibrodos_fertilizer, layout_basic, elyvilon_altar_3,
          evilmike_ruin_ashenzari, hangedman_pestilent_swarm,
          minmay_misc_feat_nine_boxes
D:9:      layout_rooms, dpeg_lair_monsters, basic_altar, minivault_8
Temple:   jpeg_temple_island

Skill      XL: |  1  2  3  4  5  6  7  8  9 10 |
---------------+-------------------------------+-----
Long Blades    | 3 4 5 7 8 10 11 12 | 12.8
Fighting       | 4 6 |  6.9
Armour         | 4 6 |  6.9
Shields        | 4 6 |  6.9

Action                   |  1- 3 |  4- 6 |  7- 9 | 10-12 || total
-------------------------+-------+-------+-------+-------++-------
Melee: Long sword        |   103 |   280 |   547 |   433 ||  1363
Invok: Divine Shield     |       |       |       |     1 ||     1
  Use: Potion            |       |     2 |       |    12 ||    14
       Scroll            |       |       |     3 |       ||     3
 Stab: Invisible         |       |     2 |       |       ||     2
  Eat: Chunk             |       |     6 |    15 |     7 ||    28
       Ration            |       |       |     1 |     1 ||     2
Armor: Scale mail        |    18 |       |       |       ||    18
       Chain mail        |    42 |   217 |    94 |       ||   353
       Plate armour      |       |       |   121 |   110 ||   231
       Skin              |       |       |       |     5 ||     5
Dodge: Dodged            |    18 |    53 |    54 |    37 ||   162
Block: Shield            |    51 |   166 |   263 |   242 ||   722
       Reflection        |       |       |    18 |     9 ||    27
       Rpst.: Long sword |     7 |    19 |    14 |    11 ||    51

Table legend:
 A = Non-vault XP
 B = Vault XP
 C = Vault XP percentage of total XP
 D = Non-vault monster count
 E = Vault monster count
 F = Vault count percentage of total count
                 A         B        C        D         E       F
            +---------+---------+-------+---------+---------+-------
      Total |    4958 |    5853 |  54.1 |     182 |      76 |  29.5
            +---------+---------+-------+---------+---------+-------
        D:1 |      75 |       7 |   8.5 |      36 |       4 |  10.0
        D:2 |     114 |     113 |  49.8 |      28 |      13 |  31.7
        D:3 |       8 |      23 |  74.2 |       5 |       6 |  54.5
        D:4 |     548 |     197 |  26.4 |      20 |       1 |   4.8
        D:5 |     656 |      38 |   5.5 |      18 |       1 |   5.3
        D:6 |    1126 |       9 |   0.8 |      24 |       3 |  11.1
        D:7 |     523 |    1061 |  67.0 |      11 |      22 |  66.7
        D:8 |     746 |     983 |  56.9 |      15 |      21 |  58.3
        D:9 |    1162 |    3422 |  74.7 |      25 |       5 |  16.7
            +---------+---------+-------+---------+---------+-------
